 Dungeon Crawl Stone Soup version 0.31-a0-198-g2ad674f65e (webtiles) character file.

Game seed: 5858485917702031924

14 qw the Shooter (level 2, 0/16 HPs)
             Began as a Deep Elf Hunter on June 25, 2023.
             Slain by a giant cockroach (1 damage)
             ... on level 1 of the Dungeon.
             The game lasted 00:00:08 (124 turns).

qw the Shooter (Deep Elf Hunter)                     Turns: 124, Time: 00:00:08

Health: 0/16       AC:  3    Str:  8    XL:     2   Next: 31%
Magic:  4/4        EV: 12    Int: 13    God:
Gold:   29         SH:  0    Dex: 18    Spells: 1/1 levels left

rFire   . . .        a - +0 shortbow
rCold   . . .        (shield currently unavailable)
rNeg    . . .        c - +0 leather armour
rPois   .            (no helmet)
rElec   .            (no cloak)
rCorr   .            (no gloves)
SInv    .            (no boots)
Will    .....        (no amulet)
Stlth   ++           (no ring)
HPRegen 0.22/turn    (no ring)
MPRegen 0.09/turn

%: no passive effects
@: no status effects
A: no striking features
a: no special abilities


You were on level 1 of the Dungeon.
You visited 1 branch of the dungeon, and saw 1 of its levels.

You collected 29 gold pieces.


   Skills:
 - Level 1.5 Fighting
 + Level 6.1 Ranged Weapons
 - Level 2.4 Dodging
 - Level 1.2 Stealth


You had one spell level left.
You didn't know any spells.
Your spell library was empty.

Inventory:

Hand Weapons
 a - a +0 shortbow (weapon)
Armour
 c - a +0 leather armour (worn)
Scrolls
 b - a scroll of butterflies
 d - a scroll of vulnerability {unknown}
 e - a scroll of silence {unknown}
 g - a scroll of noise {unknown}
 h - a scroll of blinking {unknown}
Potions
 f - a potion of mutation {unknown}

Dungeon Overview and Level Annotations

Branches:
Dungeon (1/15)

Altars:

Shops:
D:1 ((=


Message History

The giant cockroach completely misses you.
You shoot an arrow.
The arrow hits the giant cockroach but does no damage.
The bat hits you but does no damage. The giant cockroach closely misses you.
You shoot an arrow. The arrow hits the bat.
You kill the bat!
The giant cockroach barely misses you.
The giant cockroach waves its antennae.
The giant cockroach misses you.
You shoot an arrow. The arrow hits the giant cockroach.
The giant cockroach is moderately wounded.
The giant cockroach bites you but does no damage.
The kobold hits you but does no damage.
The giant cockroach bites you but does no damage.
You shoot an arrow.
The arrow hits the giant cockroach but does no damage.
The giant cockroach is moderately wounded.
The giant cockroach barely misses you. The giant cockroach closely misses you.
The kobold hits you with a +0 whip. The giant cockroach bites you.
The giant cockroach misses you.
You shoot an arrow. The arrow hits the giant cockroach.
The giant cockroach is almost dead.
The kobold hits you but does no damage.
The giant cockroach bites you but does no damage.
The giant cockroach closely misses you. The giant cockroach barely misses you.
The kobold hits you with a +0 whip.
You shoot an arrow.
The arrow barely misses the giant cockroach.
The giant cockroach misses you.
The giant cockroach bites you but does no damage.
The giant cockroach closely misses you. The kobold hits you with a +0 whip.
The giant cockroach barely misses you.
You shoot an arrow.
The arrow closely misses the giant cockroach.
The giant cockroach barely misses you. x4; The kobold barely misses you.
You shoot an arrow. The arrow hits the giant cockroach.
You kill the giant cockroach!
The giant cockroach barely misses you. The giant cockroach closely misses you.
The kobold hits you with a +0 whip. The giant cockroach bites you.
You die...

. ..... # #.
#.... .. .# #.#.#
.... .##.#.## .#
..... #......##..
#..##..........
.##...BB%........
...\...@K....#
....##...\.%.#
##..###......#
...#.......#
##.........#
##..........#
.)..........#..
#.#...........#
#.###)...##..##


You could see 2 giant cockroaches and a kobold.

Vanquished Creatures
  A dart slug (D:1)
  A ball python (D:1)
  3 giant cockroaches (D:1)
  A goblin (D:1)
  3 jackals (D:1)
  A quokka (D:1)
  A bat (D:1)
11 creatures vanquished.

Notes
Turn   | Place    | Note
-------+----------+-------------------------------------------
     0 | D:1      | qw the Deep Elf Hunter began the quest for the Orb.
     0 | D:1      | Reached XP level 1. HP: 12/12 MP: 3/3
     0 | D:1      | 0 ||| qw: Version: 0.3-a-22-g0ed2b0b
     0 | D:1      | 0 ||| qw: Game counter: 5176
     0 | D:1      | 0 ||| qw: Melee chars always use a shield: true
     0 | D:1      | 0 ||| qw: God list: Okawaru
     0 | D:1      | 0 ||| qw: Allow faded altars: false
     0 | D:1      | 0 ||| qw: Do Orc after clearing Dungeon:15 true
     0 | D:1      | 0 ||| qw: Do second Lair branch before Depths: true
     0 | D:1      | 0 ||| qw: Lair rune preference: random
     0 | D:1      | 0 ||| qw: Goals: Normal
     0 | D:1      | 0 ||| PLANNING D:1-11
    14 | D:1      | Found Zoem's Jewellery Emporium.
    26 | D:1      | 26 ||| SHOPLISTING +4 ring of protection (504 gold, have
                  | 16).
    26 | D:1      | 26 ||| SHOPLISTING ring of protection from cold (350 gold,
                  | have 16).
    26 | D:1      | 26 ||| SHOPLISTING ring of protection from fire (350 gold,
                  | have 16).
    26 | D:1      | 26 ||| SHOPLISTING ring of see invisible (210 gold, have
                  | 16).
    80 | D:1      | Found Hyroviv's Antique Weapon Shop.
    93 | D:1      | Reached XP level 2. HP: 13/16 MP: 4/4
    94 | D:1      | Reached skill level 6 in Ranged Weapons
   104 | D:1      | Found Duihapru's Antique Weapon Shoppe.
   122 | D:1      | HP: 4/16 [kobold/+0 whip (5)]
   124 | D:1      | HP: 1/16 [kobold/+0 whip (4)]
   124 | D:1      | Slain by a giant cockroach

Levels and vault maps discovered:
D:1:      dpeg_arrival_arbitrary_a, layout_rooms, serial_shops, shop, shop,
          shop, nicolae_square_shop, shop, minmay_worlds_worst_comb

Skill      XL: |  1  2 |
---------------+-------+-----
Ranged Weapons | 6 |  6.1
Fighting       | |  1.5
Dodging        | |  2.4
Stealth        | |  1.2

Action                     || total
---------------------------++-------
   Fire: Shortbow          ||    39
 Armour: Leather armour    ||    12
  Dodge: Dodged            ||    25

Table legend:
 A = Non-vault XP
 B = Vault XP
 C = Vault XP percentage of total XP
 D = Non-vault monster count
 E = Vault monster count
 F = Vault count percentage of total count
                 A         B        C        D         E       F
            +---------+---------+-------+---------+---------+-------
      Total |      21 |       2 |   8.7 |      10 |       1 |   9.1
            +---------+---------+-------+---------+---------+-------
        D:1 |      21 |       2 |   8.7 |      10 |       1 |   9.1
            +---------+---------+-------+---------+---------+-------
